 Dungeon Crawl Stone Soup version 0.25-a0-566-g062765be81 (webtiles) character file.

Game seed: 3452259415880647127, levelgen mode: deterministic

770 Flugslaktarn the Chopper (level 7, 0/61 HPs)
             Began as a Minotaur Fighter on Feb 28, 2020.
             Was an Initiate of Makhleb.
             Succumbed to an orc's poison
             ... on level 6 of the Dungeon.
             The game lasted 00:01:34 (2666 turns).

Flugslaktarn the Chopper (Minotaur Fighter)         Turns: 2666, Time: 00:01:34

Health: 0/61       AC: 11    Str: 22    XL:     7   Next: 52%
Magic:  7/7        EV:  6    Int:  5    God:    Makhleb [......]
Gold:   213        SH: 10    Dex: 10    Spells: 6/6 levels left

rFire    . . .     SeeInvis .   a - +0 war axe
rCold    . . .     Gourm    .   c - +0 kite shield
rNeg     . . .     Faith    .   p - +0 chain mail
rPois    .         Spirit   .   (helmet restricted)
rElec    .         Reflect  .   (no cloak)
rCorr    .         Harm     .   (no gloves)
MR       .....                  s - +0 pair of boots
Stlth    ..........             (no amulet)
HPRegen  0.20/turn              (no ring)
MPRegen  0.10/turn              (no ring)

@: lethally poisoned (0 -> -9)
A: retaliatory headbutt, horns 2
a: Renounce Religion


You were on level 6 of the Dungeon.
You worshipped Makhleb.
Makhleb was noncommittal.
You were not hungry.

You visited 2 branches of the dungeon, and saw 7 of its levels.

You collected 213 gold pieces.

Inventory:

Hand Weapons
 a - a +0 war axe (weapon)
Armour
 b - a +0 scale mail
 c - a +0 kite shield (worn)
 p - a +0 chain mail (worn)
   (You found it on level 4 of the Dungeon)
 s - a +0 pair of boots (worn)
   (You found it on level 4 of the Dungeon)
Jewellery
 h - an uncursed ring of stealth {unknown}
   (You found it on level 1 of the Dungeon)
 o - an uncursed ring of protection from cold {unknown}
   (You found it on level 4 of the Dungeon)
 r - a +1 ring of protection {unknown}
   (You found it on level 4 of the Dungeon)
Wands
 v - a wand of iceblast (7)
   (You found it on level 5 of the Dungeon)
Scrolls
 g - 2 scrolls of amnesia {unknown}
 i - 4 scrolls of identify {unknown}
 j - a scroll of blinking {unknown}
 k - 2 scrolls of enchant armour {unknown}
 q - 3 scrolls of immolation {unknown}
 t - a scroll of teleportation {unknown}
 w - a scroll of fear {unknown}
 y - a scroll of remove curse {unknown}
Potions
 d - a potion of might
 f - 4 potions of magic {unknown}
 l - a potion of heal wounds {unknown}
 m - a potion of lignification {unknown}
 n - a potion of flight {unknown}
 u - 2 potions of brilliance {unknown}
 z - a potion of invisibility {unknown}
Comestibles
 e - 9 rations
 x - 3 chunks of flesh


   Skills:
 + Level 5.5 Fighting
 * Level 6.5 Axes
 + Level 5.6 Armour
 + Level 5.6 Shields
 + Level 2.1 Invocations


You had 6 spell levels left.
You didn't know any spells.
Your spell library was empty.

Dungeon Overview and Level Annotations

Branches:
Dungeon (6/15)             Temple (1/1) D:4

Altars:
Ashenzari
Dithmenos
Elyvilon
Fedhas
Hepliaklqana
Kikubaaqudgha
Makhleb
Nemelex Xobeh
Okawaru
Qazlal
Ru
Sif Muna
Trog
Uskayaw
Wu Jian
Xom
Yredelemnul
Zin
The Shining One

Annotations:
D:6 Eustachio


Innate Abilities, Weirdness & Mutations

You reflexively headbutt those who attack you in melee.
You have a pair of horns on your head.


Message History

You are too injured to fight recklessly!
You are too injured to fight recklessly!
You are too injured to fight recklessly!
* * * LOW HITPOINT WARNING * * *
You feel sick. The orc warrior barely misses you. You furiously retaliate!
You headbutt the orc warrior.
* * * LOW HITPOINT WARNING * * *
You feel sick.
* * * LOW HITPOINT WARNING * * *
You feel sick.
A leopard gecko and Eustachio come into view.
* * * LOW HITPOINT WARNING * * *
You feel sick.
Eustachio shouts!
The leopard gecko hisses angrily.
The orc warrior hits you from afar with a cursed +0 halberd.
* * * LOW HITPOINT WARNING * * *
Some of the chunks of flesh in your inventory have rotted away.
* * * LOW HITPOINT WARNING * * *
You feel sick.
You die...

....####.#.....#.#.#
.................#.# #
#.####.#.......#.# #
#.#....######..#.# #.##
###.#....# ##.#.#....#
....'....### #...#.#..#
###.#...)..# #...#.#..#
###.###..).# #...#.#..# #...#
#....#####@..#.#..# #...#
#..##........#.#..#
#<..#....##........#.#..#
..#.#....##.....l#o.....#
..#.#....##.....@#or....#####
.##
###..##......##...........
..# #..##......##....#######
..# #......##)...# ..#
#............#


You could see Eustachio, an orc warrior, an orc, a leopard gecko and a quokka.

Vanquished Creatures
  A bullfrog (D:5)
  A wyvern skeleton (D:5)
  2 scorpions
  A crimson imp (D:6)
  2 orc priests
  2 bullfrog skeletons
  A hound (D:5)
  A jelly (D:5)
  4 orc wizards
  5 worker ants
  A hound zombie (D:5)
  A howler monkey zombie (D:5)
  A howler monkey skeleton (D:4)
  2 adders
  2 adder skeletons (D:4)
  A worm (D:2)
  A dart slug (D:1)
  3 leopard geckos
  9 orcs
  7 bats
  2 giant cockroaches
  2 goblins (D:1)
  A hobgoblin (D:3)
  3 kobolds (D:1)
  5 frilled lizards
  7 rats
68 creatures vanquished.

Notes
Turn   | Place    | Note
-------+----------+-------------------------------------------
     0 | D:1      | Flugslaktarn the Minotaur Fighter began the quest for the
                  | Orb.
     0 | D:1      | Reached XP level 1. HP: 19/19 MP: 0/0
    99 | D:1      | Reached XP level 2. HP: 27/27 MP: 1/1
   225 | D:1      | Reached skill level 3 in Axes
   416 | D:2      | Reached XP level 3. HP: 33/33 MP: 2/2
   704 | D:3      | Reached XP level 4. HP: 3/40 MP: 3/3
   836 | D:4      | Reached skill level 4 in Axes
   836 | D:4      | HP: 2/41 [orc wizard/+0 dagger (3)]
  1145 | D:4      | Reached XP level 5. HP: 41/47 MP: 4/4
  1370 | D:4      | Found a staircase to the Ecumenical Temple.
  1387 | Temple   | Entered the Ecumenical Temple
  1500 | Temple   | Became a worshipper of Makhleb the Destroyer
  1522 | D:4      | Reached skill level 5 in Axes
  1531 | D:4      | Reached XP level 6. HP: 53/55 MP: 5/5
  1648 | D:4      | Found a sacrificial altar of Ru.
  1899 | D:5      | Entered Level 5 of the Dungeon
  1909 | D:5      | Reached skill level 5 in Fighting
  1909 | D:5      | Reached skill level 5 in Armour
  1909 | D:5      | Reached skill level 5 in Shields
  1909 | D:5      | Reached skill level 1 in Invocations
  2234 | D:5      | Reached XP level 7. HP: 57/61 MP: 7/7
  2352 | D:5      | Reached skill level 6 in Axes
  2664 | D:6      | Noticed Eustachio
  2664 | D:6      | HP: 2/61 [orc warrior/cursed +0 halberd (4)]
  2666 | D:6      | Succumbed to an orc's poison

Levels and vault maps discovered:
D:1:      psy_arrival_whirlpool, layout_rooms
D:2:      layout_basic, uniq_terence
D:3:      layout_basic
D:4:      layout_cave_pools, minmay_temple_entry_ruins, first_ration,
          minmay_statues_item, grunt_ministairs_7, hangedman_ru_absence
D:5:      layout_loops_cross
D:6:      layout_basic, basic_altar, chequers_mini_garden, uniq_eustachio
Temple:   compressed_dpeg_circular_temple

Skill      XL: |  1  2  3  4  5  6  7 |
---------------+----------------------+-----
Axes           | 3 4 5 6 |  6.5
Armour         | 4 5 |  5.6
Shields        | 4 5 |  5.6
Fighting       | 4 5 |  5.5
Invocations    | 1 2 |  2.1

Action                   |  1- 3 |  4- 6 |  7- 9 || total
-------------------------+-------+-------+-------++-------
Melee: War axe           |    68 |    75 |    43 ||   186
       Headbutt          |    10 |    17 |    13 ||    40
  Eat: Ration            |       |     1 |       ||     1
       Chunk             |       |       |     2 ||     2
Armor: Scale mail        |    43 |    11 |       ||    54
       Chain mail        |       |    17 |    19 ||    36
Dodge: Dodged            |    29 |    21 |    15 ||    65
Block: Kite shield       |    38 |    39 |    31 ||   108

Table legend:
 A = Non-vault XP
 B = Vault XP
 C = Vault XP percentage of total XP
 D = Non-vault monster count
 E = Vault monster count
 F = Vault count percentage of total count
                 A         B        C        D         E       F
            +---------+---------+-------+---------+---------+-------
      Total |    1095 |       5 |   0.5 |      67 |       1 |   1.5
            +---------+---------+-------+---------+---------+-------
        D:1 |      28 |       0 |   0.0 |      16 |       0 |   0.0
        D:2 |      13 |       0 |   0.0 |       7 |       0 |   0.0
        D:3 |      69 |       0 |   0.0 |      10 |       0 |   0.0
        D:4 |     356 |       5 |   1.4 |      14 |       1 |   6.7
        D:5 |     410 |       0 |   0.0 |      13 |       0 |   0.0
        D:6 |     219 |       0 |   0.0 |       7 |       0 |   0.0
            +---------+---------+-------+---------+---------+-------
